 Dungeon Crawl Stone Soup version 0.28.0-53-g5a82cb258f (webtiles) character file.

Game seed: 16443852066347225459

513 MiltankisOP the Changer (level 7, -1/48 HPs)
             Began as an Octopode Monk on July 14, 2022.
             Slain by a gnoll shaman
             ... wielding a +0 whip
              (9 damage)
             ... on level 5 of the Dungeon.
             The game lasted 00:08:30 (4330 turns).

MiltankisOP the Changer (Octopode Monk)             Turns: 4330, Time: 00:08:31

Health: -1/48      AC:  2    Str: 11    XL:     7   Next: 20%
Magic:  1/10       EV: 22    Int: 12    God:
Gold:   151        SH:  0    Dex: 21    Spells: 7/10 levels left

rFire   . . .      SeeInvis .     - Unarmed
rCold   . . .      Faith    .   (shield currently unavailable)
rNeg    . . .      Spirit   .   (helmet currently unavailable)
rPois   x          Reflect  .   (no amulet)
rElec   .          Harm     .   m - ring of wizardry
rCorr   .          Rampage  .   (no ring)
Will    .....                   (no ring)
Stlth   +++.......              (no ring)
HPRegen 0.16/turn               (no ring)
MPRegen 0.12/turn               (no ring)
                                (no ring)
                                (no ring)

@: spider-form (expiring)
A: venomous fangs, almost no armour, (amphibious), 8 rings, tiny, (camouflage
1), (gelatinous body 1), (nimble swimmer 1), (tentacles)
a: End Transformation


You were on level 5 of the Dungeon.
You were a venomous arachnid creature.
You visited 2 branches of the dungeon, and saw 8 of its levels.

You collected 151 gold pieces.

Inventory:

Hand Weapons
 l - the +4 war axe of Supply (melded) {drain, rPois rF++ rN+ Stlth+}
   (You found it on level 5 of the Dungeon)

   A truly terrible weapon, it drains the life of any living foe it strikes.
   rF:        It greatly protects you from fire.
   rPois:     It protects you from poison.
   rN:        It protects you from negative energy.
   Stlth:     It makes you more stealthy.
Jewellery
 k - a ring of ice
 m - a ring of wizardry (left front leg)
 n - an amulet of magic regeneration
Scrolls
 c - a scroll of identify {unknown}
 f - 2 scrolls of acquirement {unknown}
 h - a scroll of teleportation {unknown}
 i - a scroll of summoning {unknown}
 j - 2 scrolls of blinking {unknown}
Potions
 a - 2 potions of heal wounds {unknown}
 b - a potion of magic {unknown}
 d - a potion of curing {unknown}
 e - a potion of berserk rage {unknown}
 g - a potion of lignification {unknown}
 o - a potion of haste {unknown}


   Skills:
 + Level 4.1 Fighting
 + Level 4.1 Dodging
 - Level 2.6 Stealth
 - Level 3.0 Unarmed Combat
 - Level 2.0 Spellcasting
 - Level 4.1 Transmutations
 - Level 4.0 Poison Magic


You had 7 spell levels left.
You knew the following spells:

 Your Spells              Type           Power      Damage    Failure   Level
a - Spider Form           Tmut/Pois      10%        N/A       14%         3

Your spell library contained the following spells:

 Spells                   Type           Power      Damage    Failure   Level
 Beastly Appendage        Tmut           22%        N/A       6%          1
 Wereblood                Tmut           11%        N/A       9%          2
 Magic Dart               Conj           4%         1d3       21%         1
 Call Imp                 Summ           1%         N/A       30%         2
 Mephitic Cloud           Conj/Pois/Air  4%         N/A       32%         3
 Tukima's Dance           Hex            1%         N/A       47%         3
 Anguish                  Hex/Necr       0%         N/A       82%         4
 Enfeeble                 Hex            0%         N/A       100%        7


Dungeon Overview and Level Annotations

Branches:
Dungeon (7/15)             Temple (1/1) D:7

Altars:
Elyvilon
Fedhas
Gozag
Hepliaklqana
Makhleb
Nemelex Xobeh
Okawaru
Qazlal
Trog
Uskayaw
Wu Jian
Xom
Yredelemnul
Zin
The Shining One

Shops:
D:1 (

Annotations:
D:2 1 runed translucent door, Crazy Yiuf
D:3 exclusion: water moccasin
D:5 exclusions: phantom and sky beast


Innate Abilities, Weirdness & Mutations

You are a venomous arachnid creature.
You have poisonous fangs.
You are tiny and dextrous.
Your spellcasting is less reliable in this form.
Your armour is entirely melded.
You are incapable of wielding weapons or throwing items.
You cannot wear most types of armour.
((You are amphibious.))
You can wear up to eight rings at the same time.
((Your skin changes colour to match your surroundings (Stealth+).))
((Your rubbery body absorbs attacks. (AC +1, EV +1)))
((You are camouflaged when in or above water. (Stealth+)))
((You have tentacles for arms and can constrict up to eight enemies at once.))


Message History

You hit the gnoll sergeant.
The gnoll sergeant looks as sick as possible!
The gnoll sergeant is almost dead.
The gnoll sergeant hits you with a +0 spear.
The gnoll misses you.
The gnoll sergeant hits you from afar with a +0 spear!
* * * LOW HITPOINT WARNING * * *
Your transformation is almost over.
You kill the gnoll sergeant!
Training target 2.0 for Spellcasting reached!
Your Spellcasting skill increases to level 2!
You need to enable at least one skill for training.
Your transformation has ended.
The +4 war axe of Supply {drain, rPois rF++ rN+ Stlth+} unmelds from your body.
You sense an unholy aura.
Casting: Spider Form (dangerous; 6% risk of failure)
Confirm with . or Enter, or press ? or * to list all spells.
You turn into a venomous arachnid creature.
The +4 war axe of Supply {drain, rPois rF++ rN+ Stlth+} melds into your body.
You hit the gnoll.
The gnoll is moderately wounded.
Your transformation is almost over.
You hit the gnoll but do no damage.
The gnoll is poisoned.
The gnoll is moderately wounded.
You hit the gnoll.
The gnoll looks even sicker.
The gnoll is severely wounded.
The gnoll hits you with a +0 halberd.
* * * LOW HITPOINT WARNING * * *
The gnoll shaman closely misses you.
You hit the gnoll.
You kill the gnoll!
The gnoll shaman hits you with a +0 whip!
* * * LOW HITPOINT WARNING * * *
You hit the gnoll shaman.
The gnoll shaman is poisoned.
The gnoll shaman is moderately wounded.
The gnoll shaman closely misses you.
You hit the gnoll shaman.
The gnoll shaman is moderately wounded.
The gnoll shaman hits you with a +0 whip!
You die...

#. #.......... #..
#.....>....
#.######..........
#####..#..............
................###..
#...#...###.###.# #. #
#..##.###.###.#
##.##.......# #
#..s)....#.#
####g.#.##.. #...##.##
.# .. ##.##......
#.########..........
#........g...#......
#......g..####.......
..####.##..###......
#..###....###.##


You could see a gnoll shaman (poisoned).

Vanquished Creatures
  A water moccasin (D:5)
  An ogre (D:5)
  A gnoll sergeant (D:5)
  2 iguanas
  A scorpion zombie (D:3)
  A hound zombie (D:3)
  7 gnolls (D:5)
  3 adders
  An ufetubus (D:5)
  A worm (D:2)
  A dart slug (D:2)
  An orc (D:3)
  7 bats
  11 endoplasms
  2 giant cockroaches
  9 goblins
  6 hobgoblins
  4 jackals (D:3)
  A quokka (D:2)
  4 ball pythons
  A ball python zombie (D:3)
  5 frilled lizards
  8 kobolds
  5 rats
84 creatures vanquished.

Vanquished Creatures (others)
  5 fungi (D:2)
  5 plants
10 creatures vanquished.

Grand Total: 94 creatures vanquished

Notes
Turn   | Place    | Note
-------+----------+-------------------------------------------
     0 | D:1      | MiltankisOP the Octopode Monk began the quest for the Orb.
     0 | D:1      | Reached XP level 1. HP: 16/16 MP: 1/1
   111 | D:1      | Reached XP level 2. HP: 8/21 MP: 2/2
   497 | D:1      | Found Hozariro's Weapon Emporium.
   543 | D:1      | Reached XP level 3. HP: 21/26 MP: 3/3
  1005 | D:2      | Found a faded altar of an unknown god.
  1259 | D:2      | Reached XP level 4. HP: 31/33 MP: 4/4
  1848 | D:2      | Identified the +1 mace of the Mouth {flame, rElec Stlth+}
  1849 | D:2      | Found a runed translucent door.
  1850 | D:2      | Noticed Crazy Yiuf
  1936 | D:3      | Reached skill level 1 in Poison Magic
  1945 | D:3      | Noticed a water moccasin
  2185 | D:3      | Found a basalt altar of Yredelemnul.
  2200 | D:3      | Reached skill level 1 in Transmutations
  2207 | D:3      | Reached XP level 5. HP: 10/37 MP: 5/5
  2519 | D:3      | Found an ornate altar of the Wu Jian Council.
  3481 | D:4      | You fall into a shaft and drop 3 floors!
  3497 | D:7      | Found a staircase to the Ecumenical Temple.
  3506 | Temple   | Entered the Ecumenical Temple
  3702 | D:5      | Entered Level 5 of the Dungeon
  3703 | D:5      | Identified the +4 war axe of Supply {drain, rPois rF++ rN+
                  | Stlth+}
  3718 | D:5      | Learned a level 3 spell: Spider Form
  3745 | D:5      | Noticed a sky beast
  3759 | D:5      | Noticed an ogre
  3761 | D:5      | Noticed a water moccasin
  3770 | D:5      | Killed an ogre
  3771 | D:5      | Reached XP level 6. HP: 21/43 MP: 6/6
  3959 | D:5      | Killed a water moccasin
  4288 | D:5      | Reached skill level 1 in Spellcasting
  4291 | D:5      | Reached XP level 7. HP: 45/48 MP: 3/8
  4330 | D:5      | Slain by a gnoll shaman

Illustrated notes

Levels and vault maps discovered:
D:1:      wander_arrival_chamber, layout_rooms, serial_shops,
          nicolae_shop_bloodbath_and_beyond, serial_bayou_lagoon_a
D:2:      layout_basic, ebering_ecumenical_altar_rust, uniq_crazy_yiuf_cottage
D:3:      layout_basic, nicolae_yredelemnul_corpse_copse,
          nzn_wu_jian_contemplation
D:4:      kennysheep_big_flooded_room, layout_cave_pools,
          kiku_gazebo_pond_becter, serial_shops,
          nicolae_shop_overgrown_old_shop, minmay_misc_feat_ornament,
          kennysheep_generic_room_8
D:5:      layout_rooms, minmay_misc_feat_plants, pf_guarded_unrand_woodcutter
D:6:      layout_gridville, mainiacjoe_overflow_catch_the_wave,
          ebering_ghost_xom, uniq_menkaure
D:7:      layout_rooms, mainiacjoe_overflow_small_starburst,
          mainiacjoe_overflow_alcove_1, minmay_temple_entry_purple_smoke
Temple:   cyrus_circular_temple

Skill      XL: |  1  2  3  4  5  6  7 |
---------------+----------------------+-----
Fighting       | 4 |  4.1
Dodging        | 4 |  4.1
Poison Magic   | 2 3 4 |  4.0
Transmutations | 1 3 4 |  4.1
Spellcasting   | 1 2 |  2.0
Stealth        | |  2.6
Unarmed Combat | |  3.0

Action                   |  1- 3 |  4- 6 |  7- 9 || total
-------------------------+-------+-------+-------++-------
Melee: Unarmed           |    82 |   109 |     9 ||   200
       Constrict         |    23 |    27 |     1 ||    51
       Tentacles         |    16 |    21 |       ||    37
       Punch             |     2 |     2 |       ||     4
       War axe           |       |    12 |     3 ||    15
 Cast: Spider Form       |       |     4 |     2 ||     6
 Stab: Sleeping          |     8 |    10 |       ||    18
Armor: Skin              |     4 |     3 |       ||     7
Dodge: Dodged            |    39 |    81 |    11 ||   131
